 Dungeon Crawl Stone Soup version 0.18-a0-1426-g3b9a63c (webtiles) character file.

5908 Foomius the Basher (level 10, -11/76 HPs)
             Began as a Demonspawn Necromancer on Feb 26, 2016.
             Was a High Priest of Makhleb.
             Mangled by a komodo dragon (32 damage)
             ... on level 1 of the Lair of Beasts on Feb 27, 2016.
             The game lasted 01:12:33 (10887 turns).

Foomius the Basher (Demonspawn Necromancer)        Turns: 10887, Time: 01:12:35

Health: -11/76     AC:  6    Str:  9    XL:     10   Next: 53%
Magic:  15/18      EV: 12    Int: 21    God:    Makhleb [*****.]
Gold:   197        SH:  0    Dex: 14    Spells: 7 memorised, 0 levels left

rFire  . . .     SeeInvis .     a - +1 whip (elec)
rCold  + + .     Gourm    .     r - +1 robe
rNeg   . . .     Faith    .     (no shield)
rPois  .         Spirit   .     (no helmet)
rElec  .         Dismiss  .     (no cloak)
rCorr  .         Reflect  .     (no gloves)
SustAt .         Harm     .     w - +0 pair of boots
MR     .....                    (no amulet)
Stlth  +++.......               h - ring of stealth
                                i - ring of protection from cold

@: lethally poisoned (-11 -> -12), regenerating (expiring), not resistant to
hostile enchantments, fairly stealthy
A: claws 2, thin metallic scales 2, clever 1, cold resistance 1, deformed body,
subdued magic 1
a: Minor Destruction, Lesser Servant of Makhleb, Major Destruction, Greater
Servant of Makhleb, Renounce Religion


You were on level 1 of the Lair of Beasts.
You worshipped Makhleb.
Makhleb was extremely pleased with you.
You were not hungry.

You visited 2 branches of the dungeon, and saw 11 of its levels.
You also visited: Sewer.

You collected 472 gold pieces.
You spent 275 gold pieces at shops.

Inventory:

Hand Weapons
 a - a +1 whip of electrocution (weapon)
 b - a +2 hand crossbow of velocity
 l - a +0 mace
 P - a +1 flail
Missiles
 t - 43 bolts
 V - 2 throwing nets (quivered)
Armour
 r - a +1 robe (worn)
 w - a +0 pair of boots (worn)
Magical Staves
 M - an uncursed staff of cold
Jewellery
 e - an uncursed ring of see invisible
 h - a ring of stealth (right claw)
 i - a ring of protection from cold (left claw)
 R - an uncursed ring of flight
 S - a cursed -5 ring of evasion {unknown}
Wands
 j - a wand of iceblast (0/15)
 p - a wand of polymorph (15/24)
 s - a wand of lightning (0/15)
 L - a wand of slowing (8/48)
 O - a wand of acid (7/15)
Scrolls
 d - 2 scrolls of amnesia
 o - 7 scrolls of teleportation
 q - 2 scrolls of magic mapping
 C - a scroll of recharging {unknown}
 H - 2 scrolls of fog
Potions
 f - a potion of magic
 g - 2 potions of cancellation
 k - a potion of might
 m - 5 potions of brilliance
 n - 2 potions of heal wounds
 u - 3 potions of ambrosia
 E - a potion of lignification
 J - a potion of agility
 K - 2 potions of curing
Books
 v - a book of Power

   Spells                             Type                      Level
   a - Fulminant Prism                Conjuration/Hexes            4
   b - Iskenderun's Mystic Blast      Conjuration                  4
   c - Venom Bolt                     Conjuration/Poison           5
   d - Bolt of Magma                  Conjuration/Fire/Earth       5
   e - Iron Shot                      Conjuration/Earth            6
   f - Orb of Destruction             Conjuration                  7
   g - Spellforged Servitor           Conjuration/Summoning        7
 y - a book of Necromancy

   Spells                             Type                      Level
   a - Pain                           Necromancy                   1
   b - Animate Skeleton               Necromancy                   1
   c - Vampiric Draining              Necromancy                   3
   d - Regeneration                   Charms/Necromancy            3
   e - Animate Dead                   Necromancy                   4
   f - Control Undead                 Necromancy                   4
 U - a book of Debilitation

   Spells                             Type                      Level
   a - Corona                         Hexes                        1
   b - Slow                           Hexes                        2
   c - Gell's Gravitas                Hexes/Translocation          3
   d - Inner Flame                    Hexes/Fire                   3
   e - Cause Fear                     Hexes                        4
   f - Leda's Liquefaction            Hexes/Earth                  4
Comestibles
 c - 2 bread rations
 B - 10 royal jellies


   Skills:
 - Level 6.0 Fighting
 + Level 8.9 Maces & Flails
 - Level 1.7 Dodging
 - Level 1.7 Stealth
 - Level 5.9 Spellcasting
 + Level 3.8 Conjurations
 - Level 8.0 Necromancy
 - Level 6.0 Invocations
 - Level 2.4 Evocations


You couldn't memorise any spells.
You knew the following spells:

 Your Spells              Type           Power        Failure   Level  Hunger
a - Pain                  Necr           ####         1%          1    None
b - Animate Skeleton      Necr           N/A          1%          1    None
c - Control Undead        Necr           ####......   1%          4    ####...
d - Animate Dead          Necr           N/A          1%          4    ####...
e - Iskenderun's Mystic   Conj           ##......     13%         4    ####...
g - Regeneration          Chrm/Necr      ###.......   4%          3    ##.....
v - Vampiric Draining     Necr           ####......   1%          3    ##.....


Dungeon Overview and Level Annotations

Branches:
Dungeon (10/15)            Temple (0/1) D:4            Lair (1/8) D:8
    Orc: D:9-12

Altars:
Cheibriados
Dithmenos
Elyvilon
Kikubaaqudgha
Makhleb
Pakellas
Yredelemnul
Zin

Shops:
D:5 }?   D:6 (   D:8 !

Annotations:
D:3 Robin
D:7 1 runed door


Innate Abilities, Weirdness & Mutations

You have very sharp fingernails.
You are mostly covered in thin metallic scales (AC +3).
Your flesh is cold resistant.
Your mind is acute. (Int +2)
Armour fits poorly on your strangely shaped body.
Your spells are a little easier to cast, but a little less powerful.


Message History

Your skin is crawling a little less now.
The komodo dragon completely misses you.
Your river rat zombie bites the black mamba but does no damage.
The black mamba bites you but does no damage.
Your river rat zombie barely misses the black mamba.
A demon appears!
You feel slightly more hungry. The black mamba barely misses you.
The komodo dragon bites you!!
* * * LOW HITPOINT WARNING * * *
Your river rat zombie misses the black mamba.
Unknown command.
Read which item? (? for menu, Esc to quit)
Okay, then.
Drink which item? (? for menu, Esc to quit)
You feel much better. The black mamba bites you!
* * * LOW HITPOINT WARNING * * *
You are poisoned.
The black mamba poisons you!
Your river rat zombie barely misses the black mamba.
The komodo dragon bites you!!
You die...

#......#......# ###.#........#
#......#...#..# #.#........#
#......#......# #.'.....Z.ZZ
#......#......# #.#.###.####
#..........#..# #...........
#......#+##...#####...........
..................###.###
......3..........## ### #
.......@SZ......#
........lZ......#
................#
......###..#.##..#
##...#........#.##
#............#..
......#+######..## .#... l./..
. ......%


You could see a komodo dragon, a black mamba, a friendly neqoxec and 2 friendly
river rat zombies.

Vanquished Creatures
  A centaur warrior (D:8)
  Pikel (D:9)
  2 komodo dragons
  2 hippogriffs
  3 water moccasins
  A soldier ant (D:8)
  A porcupine (Lair:1)
  An ice beast (D:5)
  A black bear (D:9)
  2 wasps (D:8)
  A sky beast (D:5)
  3 ogres
  A centaur (D:8)
  The ghost of Ijustatesigmund the Insei, an amateur OpTm (Sewer)
  3 giant frogs
  4 scorpions
  4 killer bees
  2 vampire bats (D:3)
  4 crimson imps
  A jelly (D:7)
  A giant frog skeleton (D:9)
  3 hounds
  5 orc wizards
  5 orc priests
  A centaur skeleton (D:4)
  2 iguanas (Lair:1)
  10 worker ants
  2 hound zombies
  A howler monkey zombie (D:5)
  5 gnolls (D:8)
  9 adders
  5 river rats (Lair:1)
  3 oozes
  An adder skeleton (D:7)
  A worm (D:2)
  3 giant geckos
  21 orcs
  14 bats
  4 bat skeletons (D:3)
  2 bat zombies (D:3)
  7 giant cockroaches
  7 goblins
  10 hobgoblins
  11 jackals
  3 quokkas
  3 ball pythons
  A giant gecko skeleton (D:4)
  10 giant newts
  A jackal zombie (D:8)
  10 kobolds
  2 quokka skeletons (D:5)
  7 rats
  A butterfly (D:7)
  4 fungi
  3 plants (Sewer)
217 creatures vanquished.

Vanquished Creatures (collateral kills)
  A spiny frog (Lair:1)
  An orc warrior (D:8)
  2 ice beasts (D:8)
  An ogre (D:8)
  2 giant frogs
  A gnoll sergeant (D:8)
  2 scorpions (D:7)
  A water moccasin skeleton (D:6)
  3 wights (D:8)
  2 orc wizards
  2 worker ants (D:7)
  A hound zombie (D:7)
  4 adders
  A river rat (Lair:1)
  7 orcs
  3 giant cockroaches (D:7)
  A jackal (D:5)
  A ball python (Sewer)
  A giant newt (Sewer)
  3 butterflies (D:7)
40 creatures vanquished.

Vanquished Creatures (others)
  A giant frog (D:9)
  A slave (D:9)
  4 fungi
  2 plants
8 creatures vanquished.

Grand Total: 265 creatures vanquished

Notes
Turn   | Place    | Note
--------------------------------------------------------------
     0 | D:1      | Foomius the Demonspawn Necromancer began the quest for the Orb.
     0 | D:1      | Reached XP level 1. HP: 13/13 MP: 3/3
    38 | D:1      | Reached skill level 1 in Fighting
   338 | D:1      | Gained mutation: You are partially covered in thin metallic scales (AC +2). [demonic ancestry]
   338 | D:1      | Reached XP level 2. HP: 14/21 MP: 1/5
   897 | D:2      | Reached XP level 3. HP: 24/28 MP: 0/6
   903 | D:2      | Learned a level 3 spell: Vampiric Draining
  1168 | D:1      | Gained mutation: Your spells are a little easier to cast, but a little less powerful. [potion of mutation]
  1168 | D:1      | Gained mutation: Armour fits poorly on your strangely shaped body. [potion of mutation]
  1168 | D:1      | Gained mutation: Your mind is acute. (Int +2) [potion of mutation]
  1845 | D:3      | Noticed Robin
  1847 | D:3      | Reached XP level 4. HP: 30/35 MP: 1/7
  2162 | D:3      | Found a burning altar of Makhleb.
  2179 | D:3      | Became a worshipper of Makhleb the Destroyer
  2336 | D:3      | Learned a level 3 spell: Regeneration
  2828 | D:3      | Found an ancient bone altar of Kikubaaqudgha.
  2863 | D:3      | Reached * piety under Makhleb
  2863 | D:3      | Gained mutation: Your flesh is cold resistant. [demonic ancestry]
  2863 | D:3      | Reached XP level 5. HP: 39/42 MP: 5/9
  2993 | D:4      | Reached skill level 5 in Fighting
  2997 | D:4      | Learned a level 1 spell: Animate Skeleton
  3238 | D:4      | Gained mutation: You are mostly covered in thin metallic scales (AC +3). [demonic ancestry]
  3238 | D:4      | Reached XP level 6. HP: 47/51 MP: 7/10
  3841 | D:4      | Reached skill level 1 in Maces & Flails
  4063 | D:4      | Found a staircase to the Ecumenical Temple.
  4246 | D:5      | Entered Level 5 of the Dungeon
  4296 | D:4      | Gained mutation: You have sharp fingernails. [demonic ancestry]
  4296 | D:4      | Reached XP level 7. HP: 31/58 MP: 11/11
  4727 | D:5      | Found a basalt altar of Yredelemnul.
  4727 | D:5      | Found a glowing silver altar of Zin.
  4775 | D:6      | Found a glowing drain.
  4780 | Sewer    | Entered a sewer
  4780 | Sewer    | Noticed Ijustatesigmund's ghost (amateur OpTm)
  4797 | Sewer    | Killed Ijustatesigmund's ghost
  5043 | Sewer    | Reached ** piety under Makhleb
  5778 | D:6      | Reached skill level 1 in Invocations
  5830 | D:6      | Found Ymutot's Antique Weapon Emporium.
  5838 | D:6      | Bought a runed hand crossbow for 98 gold pieces
  5998 | D:5      | Learned a level 4 spell: Control Undead
  6000 | D:5      | Found Gittink's Magic Scroll Shoppe.
  6287 | D:5      | Bought a scroll of magic mapping for 49 gold pieces
  6287 | D:5      | Bought a scroll of remove curse for 42 gold pieces
  6287 | D:5      | Bought a scroll of noise for 14 gold pieces
  6389 | D:5      | Reached XP level 8. HP: 56/64 MP: 7/12
  6396 | D:5      | Found Yrghem Fudof's Gadget Shoppe.
  6580 | D:5      | Reached skill level 5 in Maces & Flails
  6717 | D:5      | Reached *** piety under Makhleb
  6751 | D:5      | Found a white marble altar of Elyvilon.
  6915 | D:5      | Reached skill level 5 in Invocations
  7537 | D:6      | Found a shadowy altar of Dithmenos.
  7608 | D:6      | Reached **** piety under Makhleb
  7774 | D:6      | Reached skill level 5 in Necromancy
  7977 | D:7      | Gained mutation: You have very sharp fingernails. [demonic ancestry]
  7977 | D:7      | Reached XP level 9. HP: 54/69 MP: 1/15
  8082 | D:7      | You fall through a shaft!
  8476 | D:8      | Reached skill level 5 in Spellcasting
  8486 | D:8      | Upgraded the game from 0.18-a0-1418-ga86aa8f to 0.18-a0-1426-g3b9a63c
  8536 | D:8      | Found a staircase to the Lair.
  8536 | D:8      | Noticed a komodo dragon
  8719 | D:8      | Learned a level 4 spell: Animate Dead
  8745 | D:7      | Noticed a komodo dragon
  8767 | D:7      | Killed a komodo dragon
  8857 | D:7      | Found an oddly glowing altar of Pakellas.
  8893 | D:7      | Found a snail-covered altar of Cheibriados.
  8998 | D:7      | Found a runed door.
  9049 | D:7      | Found a runed door.
  9055 | D:7      | Reached ***** piety under Makhleb
  9421 | D:8      | You fall through a shaft for 2 floors!
  9421 | D:10     | Entered Level 10 of the Dungeon
  9502 | D:9      | Noticed Pikel
  9531 | D:9      | Killed Pikel
  9531 | D:9      | Reached skill level 1 in Evocations
  9558 | D:9      | Got a scorched copper ring
  9564 | D:9      | Identified the cursed ring "Riet" {*Contam EV-3 Dex+4 Slay+2 SInv} (You found it on level 9 of the Dungeon)
  9655 | D:9      | Reached XP level 10. HP: 76/76 MP: 16/18
  9907 | D:8      | Learned a level 4 spell: Iskenderun's Mystic Blast
  9966 | D:8      | Reached skill level 1 in Conjurations
 10080 | D:8      | Noticed a centaur warrior
 10156 | D:8      | Killed a centaur warrior
 10298 | D:8      | Found Yskocobb's Distillery.
 10301 | D:8      | Bought a potion of lignification for 36 gold pieces
 10301 | D:8      | Bought a potion of curing for 36 gold pieces
 10592 | Lair:1   | Entered Level 1 of the Lair of Beasts
 10665 | Lair:1   | Noticed a spiny frog
 10674 | Lair:1   | Killed a spiny frog
 10866 | Lair:1   | Noticed a spiny frog
 10868 | Lair:1   | Noticed a black mamba
 10868 | Lair:1   | a spiny frog changed into a black mamba
 10887 | Lair:1   | Mangled by a komodo dragon

Vault maps used:
D:1:      nicolae_arrival_somewhat_less_tricky_arrival
D:3:      kennysheep_vampire_church, old_standard_altar,
          kennysheep_generic_room_14, uniq_robin
D:4:      minmay_temple_entry_poolview
D:5:      old_forge, nicolae_overflow_crystal_walls,
          nicolae_overflow_hidden_temple, serial_shops, shop, shop, first_bread
D:6:      lemuel_crystal_altar, lightli_sewer_entry_pipes, serial_shops, shop
D:7:      lemuel_insect_pit, overflow_temple_1_default, grunt_pakellas_basics
D:8:      david_lair_shrubbed, serial_shops, kennysheep_mini_moat,
          hangedman_pestilent_swarm, nrook_mini_vaults
D:9:      uniq_psyche, uniq_pikel
D:10:     erik_orc_3, serial_shops, shop, basic_altar, roderic_lattice_a,
          uniq_maud, uniq_erica, uniq_josephine
Lair:1:   st_stairs_6
Sewer:    sewer_co_scattered_pipes

Skill      XL: |  1  2  3  4  5  6  7  8  9 10 |
---------------+-------------------------------+-----
Fighting       | 1 2 3 4 5 6 |  6.0
Maces & Flails | 2 4 6 7 8 |  8.9
Spellcasting   | 3 4 5 |  5.9
Invocations    | 3 6 |  6.0
Necromancy     | 5 7 8 |  8.0
Evocations     | 1 2 |  2.4
Conjurations   | 3 |  3.8
Dodging        | |  1.7
Stealth        | |  1.7

Action                   |  1- 3 |  4- 6 |  7- 9 | 10-12 || total
-------------------------+-------+-------+-------+-------++-------
Melee: Club              |    18 |       |       |       ||    18
       Mace              |    21 |    18 |       |       ||    39
       Flail             |       |   102 |   358 |       ||   460
       Whip              |       |       |       |    81 ||    81
 Fire: Hand crossbow     |       |       |    34 |     7 ||    41
Throw: Stone             |     6 |    16 |    19 |       ||    41
 Cast: Pain              |    65 |    62 |   153 |    28 ||   308
       Regeneration      |       |     6 |    15 |     6 ||    27
       Vampiric Draining |       |     6 |    38 |    14 ||    58
       Animate Skeleton  |       |     1 |    33 |     4 ||    38
       Control Undead    |       |       |     4 |       ||     4
       Animate Dead      |       |       |     3 |     5 ||     8
Invok: Minor Destruction |       |       |     9 |     2 ||    11
       Lesser Servant of |       |       |     1 |     5 ||     6
Evoke: Wand              |       |       |     4 |     7 ||    11
  Use: Potion            |     1 |     3 |     6 |     2 ||    12
       Scroll            |       |       |    16 |     2 ||    18
 Stab: Sleeping          |     1 |     1 |     1 |     4 ||     7
       Distracted        |       |     1 |     2 |       ||     3
  Eat: Chunk             |     3 |     2 |    14 |     6 ||    25
       Meat ration       |       |     1 |     1 |       ||     2
       Beef jerky        |       |     1 |     1 |       ||     2
       Bread ration      |       |       |     1 |       ||     1
